AoeStats
← AndyThePro

Arabia

503170964Analyzed
1v1 RM · 1mo ago on Aug 30, 2026· 47m 29s· 2 players
Game mode
Random Map
Map size
Tiny (2 player)
Population
200
Speed
Normal
Resources
Standard
Victory
Conquest
Starting age
Dark Age
Ending age
Imperial Age
RankedLock teamsTeams togetherTeam positionsShared explorationLock speedFull tech treeHidden civsTurbo modeCheats
Victory
Defeat
🇩🇪 Vietnamese · Germany
1769
+19
🇨🇦 Dravidians · Canada
1833
-19
cornonjakobe
7:26 Loom
9:25 Feudal Age
10:17 Double-Bit Axe
11:05 Man-at-Arms
18:29 Castle Age
16:37 Horse Collar
17:27 Fletching
20:04 Bow Saw
21:46 Bodkin Arrow
24:23 Wheelbarrow
26:36 Hand Cart
27:30 Town Watch
28:30 Gold Mining
29:06 Heavy Plow
32:22 Imperial Age
30:56 Scale Mail Armor
31:06 Forging
30:43 Gambesons
30:59 Squires
30:44 Arson
31:55 Chain Mail Armor
31:54 Stone Mining
31:45 Pikeman
33:23 Iron Casting
33:23 Siege Elephant
34:55 Elite Urumi Swordsman
36:47 Conscription
36:02 Elite Skirmisher
36:04 Halberdier
37:04 Bracer
37:18 Thumb Ring
37:21 Padded Archer Armor
38:27 Medical Corps
38:47 Wootz Steel
40:26 Chemistry
40:27 Town Patrol
41:11 Leather Archer Armor
40:38 Elite Elephant Archer
42:32 Ballistics
43:13 Ring Archer Armor
46:48 Hoardings
AndyThePro
6:12 Loom
6:17 Loom
8:47 Feudal Age
9:30 Horse Collar
9:36 Double-Bit Axe
14:08 Fletching
20:21 Castle Age
18:48 Padded Archer Armor
19:39 Town Watch
21:35 Wheelbarrow
21:38 Bow Saw
22:15 Heavy Plow
24:32 Hand Cart
25:01 Town Watch
29:19 Town Patrol
32:12 Imperial Age
30:16 Gold Mining
30:35 Elite Skirmisher
31:11 Bodkin Arrow
31:42 Ballistics
32:01 Leather Archer Armor
31:54 Stone Mining
32:55 Bracer
33:56 Chemistry
32:45 Imperial Skirmisher
34:22 Ring Archer Armor
33:45 Onager
37:08 Siege Engineers
40:28 Elite Rattan Archer
42:27 Man-at-Arms
Connection lost

Rejoining the realm…

Still unreachable

The connection could not be restored.

Session expired

The server has moved on; the page needs a fresh start.